AoeStats
← Chus

Lombardia

509671929Analyzed
2v2 RM · 4d ago on Sep 27, 2026· 38m 56s· 4 players
Game mode
Random Map
Map size
Medium (4 player)
Population
200
Speed
Normal
Resources
Standard
Victory
Conquest
Starting age
Dark Age
Ending age
Imperial Age
RankedLock teamsTeams togetherTeam positionsShared explorationLock speedFull tech treeHidden civsTurbo modeCheats
Victory
Defeat
🇩🇪 Danes · Germany
912
+14
🇪🇸 Mongols · Spain
861
+16
🇩🇰 Hindustanis · Denmark
923
-18
🇻🇪 Italians · Venezuela
801
-12
Chus
10:17 Feudal Age
8:33 Loom
12:07 Double-Bit Axe
17:53 Bloodlines
19:18 Town Watch
23:01 Castle Age
22:12 Forging
22:07 Scale Barding Armor
22:44 Scale Barding Armor
27:30 Horse Collar
28:08 Bow Saw
37:31 Imperial Age
37:44 Wheelbarrow
38:30 Fletching
38:40 Padded Archer Armor
38:46 Husbandry
Oddjob
10:53 Feudal Age
13:13 Double-Bit Axe
13:12 Horse Collar
14:32 Man-at-Arms
19:58 Castle Age
22:50 Gold Mining
23:29 Forging
23:16 Arson
25:07 Fletching
25:18 Padded Archer Armor
25:18 Scale Mail Armor
26:26 Bodkin Arrow
26:53 Ballistics
27:49 Murder Holes
28:54 Wheelbarrow
32:09 Iron Casting
31:49 Chain Mail Armor
36:19 Imperial Age
36:46 Squires
39:03 Chemistry
maltheh9797
11:15 Feudal Age
12:39 Wheelbarrow
12:42 Loom
19:32 Castle Age
22:17 Forging
22:13 Scale Barding Armor
30:00 Bloodlines
33:15 Hand Cart
32:49 Town Watch
39:22 Imperial Age
36:56 Husbandry
37:30 Light Cavalry
M0NJE
0:58 Loom
10:49 Feudal Age
13:26 Town Watch
23:32 Castle Age
21:54 Horse Collar
22:27 Gold Mining
23:27 Man-at-Arms
24:03 Pikeman
24:46 Squires
27:11 Long Swordsman
33:48 Fletching
Connection lost

Rejoining the realm…

Still unreachable

The connection could not be restored.

Session expired

The server has moved on; the page needs a fresh start.